 Dungeon Crawl Stone Soup version 0.27-a0-1591-gc56fcc985a (webtiles) character file.

Game seed: 4973396839857900739

152317 Demosthentine the Impaler (level 17, 0/145 HPs)
             Began as a Merfolk Gladiator on July 19, 2021.
             Was the Champion of the Shining One.
             Shot with an arrow by a satyr (15 damage)
             ... on level 2 of the Shoals on July 20, 2021.
             The game lasted 00:39:15 (31372 turns).

Demosthentine the Impaler (Merfolk Gladiator)      Turns: 31372, Time: 00:39:15

Health: 0/145      AC: 11    Str: 17    XL:     17   Next: 58%
Magic:  25/28      EV: 29    Int: 11    God:    the Shining One [******]
Gold:   2319       SH: 12    Dex: 25    Spells: 16/16 levels left

rFire    . . .     SeeInvis .   b - +5 trident (freeze)
rCold    . . .     Faith    .   (no shield)
rNeg     + + +     Spirit   .   B - +0 troll leather armour
rPois    +         Reflect  .   c - +1 helmet
rElec    .         Harm     .   M - +0 cloak
rCorr    .         Rampage  .   a - +1 pair of gloves of the Stars {rPois Int+3 Slay+2 Stlth-}
Will     +....                  i - +0 pair of boots
Stlth    +.........             L - amulet of regeneration
HPRegen  2.34/turn              m - +6 ring of dexterity
MPRegen  0.21/turn              O - ring of willpower

@: divinely shielded, weak-willed, afraid, glowing
A: (nimble swimmer 2), mertail, wild magic 1
a: Renounce Religion, Divine Shield, Cleansing Flame, Summon Divine Warrior,
Brand Weapon With Holy Wrath


You were on level 2 of the Shoals.
You worshipped the Shining One.
The Shining One was exalted by your worship.
You visited 5 branches of the dungeon, and saw 26 of its levels.
You also visited: Ossuary, Bailey and Ice Cave.

You collected 2674 gold pieces.
You spent 355 gold pieces at shops.

Inventory:

Hand Weapons
 b - a +5 trident of freezing (weapon)
Missiles
 e - 2 throwing nets (quivered)
 f - 6 curare-tipped darts
Armour
 a - the +1 pair of gloves of the Stars (worn) {rPois Int+3 Slay+2 Stlth-}
   (You bought it in a shop on level 2 of the Orcish Mines)

   Int:       It affects your intelligence (+3).
   Slay:      It affects your accuracy & damage with ranged weapons and melee
   (+2).
   rPois:     It protects you from poison.
   Stlth:     It makes you less stealthy.
 c - a +1 helmet (worn)
 i - a +0 pair of boots (worn)
 o - a +2 buckler
 B - a +0 troll leather armour (worn)
 M - a +0 cloak (worn)
Jewellery
 m - a +6 ring of dexterity (left hand)
 q - a ring of protection from cold
 E - a +6 ring of strength
 L - an amulet of regeneration (around neck)
 O - a ring of willpower (right hand)
Wands
 h - a wand of digging (7)
 v - a wand of iceblast (17)
 w - a wand of mindburst (43)
 y - a wand of acid (11)
 G - a wand of flame (11)
 N - a wand of paralysis (11)
Scrolls
 d - a scroll of magic mapping
 g - 8 scrolls of teleportation
 r - 2 scrolls of fear
 C - 5 scrolls of identify
 F - a scroll of blinking
Potions
 j - 5 potions of might
 k - a potion of resistance
 l - a potion of brilliance
 n - 12 potions of curing
 p - 3 potions of lignification
 s - 2 potions of attraction
 z - 4 potions of haste
 J - a potion of cancellation


   Skills:
 + Level 16.5 Fighting
 + Level 20.7 Polearms
 - Level 2.0 Throwing
 - Level 5.2 Armour
 + Level 19.3 Dodging
 + Level 0.1 Shields
 + Level 14.9 Invocations


You had 16 spell levels left.
You didn't know any spells.
Your spell library contained the following spells:

 Spells                   Type           Power      Damage    Failure   Level
 Animate Skeleton         Necr           0%         N/A       47%         1
 Beastly Appendage        Tmut           0%         N/A       47%         1
 Pain                     Necr           0%         1d4       47%         1
 Sandblast                Erth           0%         2d4       47%         1
 Summon Small Mammal      Summ           0%         N/A       47%         1
 Blink                    Tloc           N/A        N/A       63%         2
 Passwall                 Tmut/Erth      0%         N/A       63%         2
 Sublimation of Blood     Necr           0%         N/A       63%         2
 Wereblood                Tmut           0%         N/A       63%         2
 Call Canine Familiar     Summ           0%         N/A       83%         3
 Gell's Gravitas          Tloc           0%         N/A       83%         3
 Inner Flame              Hex/Fire       0%         N/A       83%         3
 Lesser Beckoning         Tloc           0%         N/A       83%         3
 Spider Form              Tmut/Pois      0%         N/A       83%         3
 Summon Guardian Golem    Hex/Summ       0%         N/A       83%         3
 Swiftness                Air            0%         N/A       83%         3
 Teleport Other           Tloc           0%         N/A       83%         3
 Vampiric Draining        Necr           0%         2d6       83%         3
 Passage of Golubria      Tloc           N/A        N/A       99%         4
 Petrify                  Tmut/Erth      0%         N/A       99%         4
 Fireball                 Conj/Fire      0%         3d3       100%        5
 Irradiate                Conj/Tmut      0%         3d13      100%        5
 Iskenderun's Battlesphe  Conj           0%         2d6       100%        5
 Lee's Rapid Deconstruct  Erth           0%         3d5*      100%        5
 Manifold Assault         Tloc           0%         N/A       100%        5
 Summon Forest            Summ/Tloc      0%         N/A       100%        5
 Summon Mana Viper        Hex/Summ       0%         N/A       100%        5
 Conjure Ball Lightning   Conj/Air       0%         3x3d6     100%        6
 Dispersal                Tloc           0%         N/A       100%        6
 Invisibility             Hex            0%         N/A       100%        6
 Orb of Destruction       Conj           0%         N/A       100%        7
 Storm Form               Tmut/Air       0%         N/A       100%        7
 Summon Hydra             Summ           0%         N/A       100%        7
 Polar Vortex             Ice            0%         N/A       100%        9


Dungeon Overview and Level Annotations

Branches:
Dungeon (15/15)            Temple (1/1) D:5            Lair (6/6) D:10
 Shoals (2/4) Lair:2       Spider (0/4) Lair:2        Slime (0/5) Lair:5
    Orc (2/2) D:9             Elf (0/3) Orc:2        Vaults (0/5) D:13
 Depths (0/5) D:15        Ossuary (visited)          Bailey (visited)
  IceCv (visited)

Altars:
Ashenzari
Cheibriados
Dithmenos
Elyvilon
Fedhas
Gozag
Hepliaklqana
Kikubaaqudgha
Makhleb
Nemelex Xobeh
Okawaru
Qazlal
Ru
Sif Muna
Trog
Uskayaw
Vehumet
Wu Jian
Xom
Yredelemnul
Zin
The Shining One
Beogh

Shops:
D:4 (   D:15 (   Orc:2 (*=[

Annotations:
Lair:4 exclusion: 3 oklob plants
Lair:5 exclusion: 2 oklob plants


Innate Abilities, Weirdness & Mutations

((You are quick and stealthy near water. (Stealth+, EV+, Speed+++)))
Your lower body shifts to a powerful aquatic tail in water.
Your spells are a little harder to cast, but a little more powerful.


Message History

You impale the sea snake!!
The sea snake seems to slow down.
You freeze the sea snake!
You kill the sea snake!
The faun shoots a stone.
The stone completely misses you.
You reach to attack!
You barely miss the satyr.
The satyr is moderately wounded.
The satyr shoots an arrow.
The arrow hits you!! The arrow freezes you!
The faun shoots a stone.
The stone completely misses you.
You are too injured to fight recklessly!
Unknown command.
Unknown command.
A divine shield forms around you!
The faun shoots a stone.
The stone hits you!
The satyr plays a frightful melody on his pipes!
The satyr radiates an aura of fear!
You are terrified of the satyr!
Unknown command.
Reach: b) +5 trident (freeze)
Press: ? - help, Dir - move target, f/p - satyr
Aim: a satyr, wielding a +0 longbow of freezing and quivering arrows (moderately wounded, inspiring fear, haloed, about 16% to evade your +5 trident of freezing)
You reach to attack!
You impale the satyr!! You freeze the satyr.
The satyr is severely wounded.
The faun points at you and mumbles some strange words.
Your willpower is stripped away!
Reach: b) +5 trident (freeze)
Press: ? - help, Dir - move target, f/p - satyr
Aim: a satyr, wielding a +0 longbow of freezing and quivering arrows (severely wounded, inspiring fear, haloed, about 16% to evade your +5 trident of freezing)
You reach to attack!
You hit the satyr. You freeze the satyr.
The satyr is almost dead.
The satyr shoots an arrow.
The arrow completely misses you.
The faun shoots a stone.
You block the stone.
Reach: b) +5 trident (freeze)
Press: ? - help, Dir - move target, f/p - satyr
Aim: a satyr, wielding a +0 longbow of freezing and quivering arrows (almost dead, inspiring fear, haloed, about 16% to evade your +5 trident of freezing)
You reach to attack!
You attempt to attack the satyr, but flinch away in fear!
The faun shoots a stone.
The stone hits you!
The satyr shoots an arrow.
The arrow hits you!!
* * * LOW HITPOINT WARNING * * *
The arrow freezes you!
You die...

..................≈)...
........≈.........≈)....
...≈≈..≈≈...#####.......
...≈≈≈≈≈≈...# ##.......
....≈≈≈≈≈...####......≈.
#...≈≈≈≈≈..........≈≈≈.
#......≈≈≈........≈≈...
#.....≈≈≈≈≈≈≈.≈≈≈≈≈...
#....@≈≈≈...≈.........
#..≈≈≈≈≈..#....###....
#.ccc≈≈..###..## ###..
#..≈c≈≈..# #.# #...
#..≈≈≈≈..# ## ##...
...≈≈≈≈≈..# #....
...≈≈≈≈≈≈≈.. ###.<
P.≈≈≈≈≈≈≈≈≈.. ##. #.


You could see a satyr (scary) and 3 fauns.

Vanquished Creatures
  Jorgrun (Shoals:1)
  A sphinx (D:12)
  Kirke (Lair:2)
  An orc warlord (Orc:2)
  Louise (Shoals:1)
  Nessos (Lair:6)
  6 dire elephants
  Snorg (Orc:1)
  Josephine (D:15)
  A merfolk impaler (Shoals:1)
  A great orb of eyes (D:15)
  6 boulder beetles
  2 rakshasas (D:15)
  15 hydras
  Erica (D:11)
  3 death knights
  3 centaur warriors
  5 two-headed ogres
  8 death yaks
  A spectral dire elephant (Lair:6)
  Nergalle (D:10)
  3 orc high priests (Orc:2)
  Sonja (Lair:4)
  A spectral death yak (Lair:6)
  A spectral anaconda (Lair:6)
  14 skeletal warriors
  A flayed ghost (D:13)
  4 sea snakes
  An obsidian statue (Lair:6)
  A lindwurm (Lair:5)
  4 orc knights
  A bog body (IceCv)
  Pikel (D:6)
  2 deep elf pyromancers
  An orb spider (Lair:2)
  3 orc sorcerers (Orc:2)
  5 necromancers
  2 wolf spiders
  13 cyclopes
  16 fauns (Shoals:1)
  8 ugly things
  9 manticores
  5 black mambas
  2 ice statues (IceCv)
  An elephant (shapeshifter) (D:15)
  7 merfolk sirens
  A water nymph (Shoals:1)
  A guardian serpent (shapeshifter) (D:11)
  20 elephants
  A torpor snail (Lair:6)
  9 cane toads
  2 gargoyles
  Maggie (D:6)
  Psyche (D:11)
  5 rime drakes
  8 komodo dragons
  An unseen horror (shapeshifter) (D:10)
  3 unseen horrors
  3 efreet
  2 tengu conjurers
  A yaktaur (D:11)
  4 anaconda simulacra (IceCv)
  6 ice devils (IceCv)
  An entropy weaver simulacrum (IceCv)
  Grinder (D:3)
  2 polar bears
  10 trolls
  7 merfolk
  18 slime creatures
  15 blink frogs
  2 spectral elephants (Lair:6)
  4 snapping turtles
  A redback (shapeshifter) (D:15)
  5 shadows
  A vampire (D:12)
  4 dire elephant simulacra
  2 wyverns (Lair:3)
  11 wraiths
  3 water elementals (Shoals:1)
  3 steam dragons
  74 yaks
  5 hogs
  4 basilisks
  2 harpy simulacra (IceCv)
  4 vampire mosquitoes (D:12)
  2 acid dragons (D:12)
  2 wargs
  14 water moccasins
  39 orc warriors
  2 ice beasts
  5 black bears
  2 elephant zombies (Lair:6)
  A black bear (shapeshifter) (D:11)
  A hornet zombie (D:6)
  8 centaurs
  A necrophage (D:7)
  8 wolves (Lair:6)
  4 ogres
  3 elephant skeletons (Lair:6)
  Blork the orc (D:6)
  4 kobold brigands
  14 bullfrogs
  5 scorpions
  A cane toad simulacrum (Lair:6)
  A wyvern skeleton (D:5)
  A two-headed ogre simulacrum (IceCv)
  A water moccasin skeleton (D:4)
  12 killer bees
  An elephant simulacrum (IceCv)
  7 wights
  3 electric eels (D:9)
  4 howler monkeys
  A bullfrog zombie (D:7)
  7 orc priests
  2 hounds (D:4)
  A jelly (D:4)
  2 centaur zombies
  A bullfrog skeleton (D:6)
  3 gnoll shamans
  3 iguanas
  12 orc wizards
  2 hell rats (Lair:4)
  A spriggan simulacrum (IceCv)
  A killer bee zombie (D:7)
  A wolf simulacrum (IceCv)
  8 mummies (Ossuary)
  A howler monkey zombie (D:7)
  10 gnolls
  A howler monkey skeleton (D:7)
  3 adders
  8 river rats (Lair:4)
  A white imp (D:8)
  An ufetubus (IceCv)
  An adder zombie (D:3)
  2 worms
  3 dart slugs
  73 orcs
  4 ball pythons
  16 bats
  4 endoplasms
  8 giant cockroaches
  3 gnoll zombies (Ossuary)
  5 goblins
  7 hobgoblins
  12 jackals
  17 kobolds
  5 quokkas
  4 frilled lizards
  A hobgoblin zombie (Ossuary)
  A kobold zombie (Ossuary)
  3 orc zombies (Ossuary)
  7 rats
809 creatures vanquished.

Vanquished Creatures (collateral kills)
  An orc high priest (Orc:2)
  An orc knight (Orc:2)
  2 trolls (Orc:2)
  8 orc warriors (Orc:2)
  An orc priest (Orc:2)
  3 orc wizards (Orc:2)
  6 orcs (Orc:2)
22 creatures vanquished.

Vanquished Creatures (others)
  7 bushes (D:11)
  23 fungi
  33 plants
  14 withered plants (Lair:6)
77 creatures vanquished.

Grand Total: 908 creatures vanquished

Notes
Turn   | Place    | Note
-------+----------+-------------------------------------------
     0 | D:1      | Demosthentine the Merfolk Gladiator began the quest for the
                  | Orb.
     0 | D:1      | Reached XP level 1. HP: 16/16 MP: 1/1
     3 | D:1      | Noticed an electric eel
     4 | D:1      | Noticed an electric eel
   133 | D:1      | You fall into a shaft and drop 1 floor!
   146 | D:2      | Reached XP level 2. HP: 4/23 MP: 2/2
   757 | D:1      | Reached XP level 3. HP: 28/28 MP: 3/3
  1007 | D:1      | You fall into a shaft and drop 1 floor!
  1022 | D:2      | Reached skill level 5 in Polearms
  1255 | D:1      | Found a faded altar of an unknown god.
  1323 | D:1      | Reached skill level 1 in Armour
  1747 | D:2      | Reached XP level 4. HP: 34/34 MP: 4/4
  1891 | D:3      | Noticed Grinder
  1912 | D:3      | Paralysed by Grinder for 5 turns
  1918 | D:3      | Killed Grinder
  1919 | D:3      | Reached skill level 6 in Polearms
  1919 | D:3      | Reached skill level 5 in Dodging
  1919 | D:3      | Reached XP level 5. HP: 42/42 MP: 5/5
  1919 | D:3      | Reached XP level 6. HP: 48/48 MP: 6/6
  2546 | D:3      | Found a glowing golden altar of the Shining One.
  2559 | D:3      | Became a worshipper of the Shining One
  3208 | D:4      | Found a shimmering blue altar of Sif Muna.
  3480 | D:4      | Noticed a black bear
  3490 | D:4      | Killed a black bear
  3491 | D:4      | Reached XP level 7. HP: 52/55 MP: 7/7
  3573 | D:4      | Reached skill level 7 in Polearms
  3590 | D:4      | Identified the +0 leather armour of Purpose {MP+9 Dex+3}
  3715 | D:4      | Found Nian Nywois's Weapon Shoppe.
  4472 | D:4      | Reached skill level 5 in Fighting
  5083 | D:4      | Reached XP level 8. HP: 59/62 MP: 8/8
  5613 | D:5      | Entered Level 5 of the Dungeon
  5935 | D:4      | Reached skill level 8 in Polearms
  6393 | D:5      | Found a sparkling altar of Nemelex Xobeh.
  6535 | D:5      | Found a staircase to the Ecumenical Temple.
  6549 | Temple   | Entered the Ecumenical Temple
  7458 | D:6      | Noticed Maggie
  7483 | D:6      | Killed Maggie
  7484 | D:6      | Reached skill level 9 in Polearms
  7484 | D:6      | Reached XP level 9. HP: 21/71 MP: 9/9
  7861 | D:6      | Noticed Blork the orc
  7877 | D:6      | Killed Blork the orc
  8551 | D:6      | Noticed Pikel
  8569 | D:6      | Killed Pikel
  8570 | D:6      | Reached skill level 10 in Polearms
  9206 | D:7      | Reached * piety under the Shining One
  9328 | D:7      | Reached skill level 5 in Armour
  9335 | D:7      | Reached XP level 10. HP: 27/80 MP: 10/10
  9685 | D:7      | Reached skill level 10 in Dodging
  9805 | D:7      | Reached ** piety under the Shining One
  9839 | D:7      | Reached skill level 11 in Polearms
 10281 | D:8      | Reached skill level 1 in Invocations
 10518 | D:8      | Found a sand-covered staircase.
 10533 | Ossuary  | Entered an ossuary
 10559 | Ossuary  | Reached *** piety under the Shining One
 11545 | D:9      | Reached **** piety under the Shining One
 12129 | D:9      | Noticed a four-headed hydra
 12140 | D:9      | Killed a four-headed hydra
 12141 | D:9      | Reached skill level 12 in Polearms
 12222 | D:9      | Found the +2 robe of Vines {NoPotionHeal Regen+++}
 12242 | D:9      | Found a bloodstained altar of Trog.
 12262 | D:9      | Reached XP level 11. HP: 78/89 MP: 14/14
 12424 | D:9      | Found a staircase to the Orcish Mines.
 12424 | D:9      | Identified the +5 dagger "Zuxuo" {drain, Will+ Dex+2}
 12508 | D:9      | Identified the +6 hand axe of Ozonase {vorpal, rElec}
 12719 | D:10     | Entered Level 10 of the Dungeon
 12778 | D:10     | Found a staircase to the Lair.
 12817 | D:10     | Noticed Nergalle
 12836 | D:10     | Killed Nergalle
 12846 | D:10     | Reached skill level 5 in Invocations
 12977 | D:10     | Noticed a two-headed ogre
 12984 | D:10     | Killed a two-headed ogre
 13206 | D:10     | Reached skill level 10 in Fighting
 13273 | D:11     | Noticed a two-headed ogre
 13282 | D:11     | Killed a two-headed ogre
 13283 | D:11     | Reached skill level 13 in Polearms
 13340 | D:11     | Noticed Psyche
 13348 | D:11     | Killed Psyche
 13451 | D:11     | Noticed a cyclops
 13459 | D:11     | Killed a cyclops
 13475 | D:11     | Noticed a manticore
 13486 | D:11     | Killed a manticore
 13796 | D:11     | Noticed a boulder beetle
 13817 | D:11     | Noticed a boulder beetle
 13824 | D:11     | Killed a boulder beetle
 13825 | D:11     | Reached XP level 12. HP: 34/99 MP: 15/17
 14021 | D:11     | Killed a boulder beetle
 14214 | D:11     | Noticed a death knight
 14219 | D:11     | Noticed Erica
 14242 | D:11     | Killed a death knight
 14243 | D:11     | Reached skill level 14 in Polearms
 14267 | D:11     | Killed Erica
 14391 | D:11     | Noticed a centaur warrior
 14392 | D:11     | Reached ***** piety under the Shining One
 14400 | D:11     | Killed a centaur warrior
 14476 | D:11     | Noticed a centaur warrior
 14483 | D:11     | Killed a centaur warrior
 14877 | D:12     | Noticed a seven-headed hydra
 14887 | D:12     | Killed a seven-headed hydra
 15066 | D:12     | Found an ancient bone altar of Kikubaaqudgha.
 15171 | D:12     | Noticed a two-headed ogre
 15191 | D:12     | Killed a two-headed ogre
 15204 | D:12     | Noticed a death knight
 15224 | D:12     | Killed a death knight
 15225 | D:12     | Reached skill level 15 in Polearms
 15241 | D:12     | Noticed a boulder beetle
 15265 | D:12     | Killed a boulder beetle
 15266 | D:12     | Reached XP level 13. HP: 56/107 MP: 19/19
 16415 | D:12     | Reached skill level 10 in Invocations
 16446 | D:12     | Noticed a sphinx
 16448 | D:12     | Reached skill level 16 in Polearms
 16693 | D:12     | Killed a sphinx
 16755 | D:12     | Reached skill level 15 in Dodging
 16929 | D:12     | Identified the ring of the Stag {rElec rN++ Will+ AC+4
                  | Str-2}
 16956 | D:12     | Got Sif Muna's Compendium of the Warped Escort
 16969 | D:12     | Identified the +2 hand axe of the Muttering Goat {drain,
                  | rF+ Str-3 Int+4}
 17333 | D:13     | Reached XP level 14. HP: 90/116 MP: 21/21
 17502 | D:13     | Found a runed translucent door.
 17525 | D:13     | Found a sparkling altar of Nemelex Xobeh.
 17538 | D:13     | Found a shimmering altar of Xom.
 17553 | D:13     | Found a shimmering altar of Xom.
 17558 | D:13     | Found an ancient bone altar of Kikubaaqudgha.
 17623 | D:13     | Found a shimmering altar of Xom.
 17632 | D:13     | Found a sparkling altar of Nemelex Xobeh.
 17744 | D:13     | Found a stormy altar of Qazlal.
 17748 | D:13     | Found a gate to the Vaults.
 18062 | D:13     | Identified the +5 quarterstaff of Zucwuk {vamp, *Corrode
                  | rElec Dex+6 SInv}
 18256 | D:14     | Found a flagged portal.
 18263 | Bailey   | Entered a bailey
 18590 | Bailey   | Identified the +10 rapier of Subjectivity {speed, Will+}
 18591 | Bailey   | Identified the +1 plate armour of Pride {rC+ Will+ rCorr}
 18792 | D:14     | Reached skill level 17 in Polearms
 18826 | D:14     | Reached ****** piety under the Shining One
 19604 | D:15     | Entered Level 15 of the Dungeon
 20184 | D:15     | Found Omewoevvab's Antique Weapon Emporium.
 20337 | D:15     | Noticed Josephine
 20366 | D:15     | Killed Josephine
 20367 | D:15     | Reached XP level 15. HP: 124/126 MP: 22/24
 20570 | D:15     | Found a staircase to the Depths.
 20714 | Lair:1   | Entered Level 1 of the Lair of Beasts
 20808 | Lair:1   | Identified the ring "Koaqesm" {rF+ rC- MP+9 Dex+3 SInv}
 20911 | Lair:1   | Reached skill level 18 in Polearms
 21899 | Lair:2   | Found a hole to the Spider Nest.
 22063 | Lair:2   | Found a shimmering altar of Xom.
 22304 | Lair:2   | Found a staircase to the Shoals.
 24190 | Lair:4   | Noticed Sonja
 24200 | Lair:4   | Killed Sonja
 24669 | Lair:4   | Reached skill level 15 in Fighting
 25020 | Lair:5   | Found a staircase to the Slime Pits.
 25153 | Lair:5   | Reached XP level 16. HP: 136/136 MP: 25/25
 25160 | Lair:5   | Reached skill level 19 in Polearms
 25390 | Lair:5   | Found a frozen archway.
 25402 | IceCv    | Entered an ice cave
 26339 | Lair:6   | Entered Level 6 of the Lair of Beasts
 27221 | Lair:6   | Got the Collected Works on the Oath and Cold
 27383 | Lair:6   | Noticed Nessos
 27402 | Lair:6   | Killed Nessos
 28391 | Lair:6   | Reached skill level 20 in Polearms
 28702 | Orc:1    | Entered Level 1 of the Orcish Mines
 28844 | Orc:2    | Entered Level 2 of the Orcish Mines
 28984 | Orc:2    | Found Yblihy's Antique Weapon Shoppe.
 28987 | Orc:2    | Gained mutation: Your spells are a little harder to cast,
                  | but a little more powerful. [a neqoxec]
 29136 | Orc:2    | Found a staircase to the Elven Halls.
 29137 | Orc:2    | Found Toly's General Store.
 29141 | Orc:2    | Reached XP level 17. HP: 142/144 MP: 27/27
 29149 | Orc:2    | Bought a potion of curing for 42 gold pieces
 29431 | Orc:2    | Found Dutwoel's Jewellery Shop.
 29548 | Orc:2    | Found Mulokoy's Antique Armour Shop.
 29557 | Orc:2    | Bought a pair of bloodstained gloves for 313 gold pieces
 29557 | Orc:2    | Identified the +1 pair of gloves of the Stars {rPois Int+3
                  | Slay+2 Stlth-} (You bought it in a shop on level 2 of the
                  | Orcish Mines)
 29804 | Orc:1    | You fall into a shaft and drop 1 floor!
 29894 | Orc:1    | Noticed Snorg
 29906 | Orc:1    | Killed Snorg
 30194 | Shoals:1 | Entered Level 1 of the Shoals
 30194 | Shoals:1 | Noticed Kirke
 30232 | Lair:2   | Killed Kirke
 30458 | Shoals:1 | Noticed Louise
 30486 | Shoals:1 | Killed Louise
 30510 | Shoals:1 | Noticed Jorgrun
 30521 | Shoals:1 | Killed Jorgrun
 31372 | Shoals:2 | Shot with an arrow by a satyr

Illustrated notes

Levels and vault maps discovered:
D:1:      arrival_aquarium_b, layout_basic, dilly_ecumenical_altar_fadedgnrine,
          hangedman_decor_peaks_small, chequers_garden, hangedman_feature_mirror
D:2:      kennysheep_six_static_rooms, layout_rooms
D:3:      kb_forest_paths, layout_basic, nicolae_tso_carved_into_rock,
          uniq_grinder
D:4:      layout_basic, nicolae_sif_muna_condensation, serial_shops,
          nicolae_shop_statue_plus
D:5:      layout_cave_pools, mainiacjoe_overflow_boulevard,
          minmay_temple_entry_glass, item_on_display_a
D:6:      layout_basic, uniq_blork_the_orc, uniq_pikel, uniq_maggie
D:7:      layout_cave_pools
D:8:      kennysheep_spiral_hall, layout_basic, nicolae_ossuary_entry_monument
D:9:      layout_basic, trog_butcher_becter, erik_orc_2,
          hellmonk_guarded_unrand_vines
D:10:     layout_gridville, lair_entry_dummy, grunt_ministairs_6, uniq_nergalle
D:11:     layout_layer_cave, minmay_hedge_maze, minmay_shattered_shrine,
          uniq_psyche, uniq_erica
D:12:     minmay_the_grid_square_5x5_4x4 [minmay_the_grid_square_5x5_bridge,
          minmay_the_grid_square_5x5_checkered_sparse,
          minmay_the_grid_square_5x5_dogpile, minmay_the_grid_square_5x5_corner,
          minmay_the_grid_square_5x5_inner_z,
          minmay_the_grid_square_5x5_prize_itemx,
          minmay_the_grid_square_5x5_prize_pseudospiral,
          minmay_the_grid_square_5x5_c, minmay_the_grid_square_5x5_spiral,
          minmay_the_grid_square_5x5_prize_snowflake,
          minmay_the_grid_square_5x5_prize_monsterx,
          minmay_the_grid_square_5x5_seven, minmay_the_grid_square_5x5_shuriken,
          minmay_the_grid_square_5x5_fat_x, minmay_the_grid_square_5x5_n,
          minmay_the_grid_square_5x5_eight_small], layout_basic, drop_trap,
          kiku_gazebo_pond_becter
D:13:     due_megacathedral, layout_basic, nicolae_qazlal_scattered_showers
D:14:     layout_loops_ring, kennysheep_boxes, enter_bailey_1,
          kennysheep_generic_room_16
D:15:     gammafunk_enter_depths_forms, layout_rooms, serial_shops,
          nicolae_shop_crystal, minmay_misc_feat_columns, uniq_josephine
Temple:   dpeg_five_rooms_temple
Lair:1:   layout_cave_pods, grunt_megastairs_2, lemuel_fruit_fields,
          serial_bayou_shore_a
Lair:2:   layout_regular_city, elwin_shoals_entry_stream,
          nicolae_spider_entry_orb_guardian, basic_altar,
          infiniplex_staircase_pool
Lair:3:   layout_regular_city, grunt_megastairs_3
Lair:4:   layout_layer_cave, kennysheep_rathole, grunt_megastairs_4,
          lemuel_fruit_tree, minmay_lair_oklob_chamber, uniq_sonja
Lair:5:   minmay_lair_oklob_tunnel, layout_hall_layers, slime_dummy,
          portal_ice_cave_entry_pillars_1
Lair:6:   due_jungle_book, layout_hall_layers, uniq_nessos
Shoals:1: layout_shoals, nicolae_shoals_arrival_archipelago, uniq_kirke,
          uniq_louise, uniq_jorgrun
Shoals:2: nicolae_shoals_lighthouse, layout_shoals, uniq_nikola
Orc:1:    layout_caves, basic_altar, uniq_snorg
Orc:2:    grunt_orc_gardens, layout_diamond_mine, grunt_orc_garden,
          grunt_orc_garden, grunt_orc_garden, grunt_orc_garden

Skill      XL: |  1  2  3  4  5  6  7  8  9 10 11 12 13 14 15 16 17 |
---------------+----------------------------------------------------+-----
Polearms       | 5 6 7 9 10 12 13 15 16 17 18 20 | 20.7
Armour         | 1 2 3 4 5 |  5.2
Fighting       | 3 4 5 6 7 9 10 11 12 14 15 16 | 16.5
Dodging        | 5 6 7 8 9 11 12 14 15 16 17 18 19 | 19.3
Invocations    | 4 6 8 10 12 13 14 | 14.9
Throwing       | |  2.0
Shields        | |  0.1

Action                   |  1- 3 |  4- 6 |  7- 9 | 10-12 | 13-15 | 16-18 || total
-------------------------+-------+-------+-------+-------+-------+-------++-------
Melee: Trident           |   105 |   122 |   444 |   706 |  1747 |  1502 ||  4626
       Tailslap          |       |     1 |       |    14 |       |    14 ||    29
Throw: Throwing net      |       |       |     5 |     1 |     1 |       ||     7
       Dart              |       |       |     2 |       |     2 |     3 ||     7
Invok: Divine Shield     |       |       |       |     2 |     1 |     4 ||     7
       Summon Divine War |       |       |       |       |       |     1 ||     1
Evoke: Wand              |       |       |     2 |       |       |       ||     2
  Use: Scroll            |     4 |     6 |     6 |     9 |     8 |       ||    33
       Potion            |       |     1 |     3 |     1 |     5 |     4 ||    14
 Stab: Sleeping          |     3 |       |       |       |       |       ||     3
Armor: Leather armour    |    28 |    27 |    72 |     9 |       |       ||   136
       Skin              |       |     5 |       |       |       |       ||     5
       Troll leather arm |       |       |       |    37 |   119 |   156 ||   312
Dodge: Dodged            |    65 |    55 |   343 |   336 |  1055 |  1254 ||  3108
Block: Other             |       |       |       |    17 |     3 |    61 ||    81

Table legend: (Time is in decaauts)
 A = Elapsed time spent in this place.
 B = Non-inter-level travel time spent in this place.
 C = Inter-level travel time spent in this place.
 D = Time resting spent in this place.
 E = Time spent auto-exploring this place.
 F = Levels seen in this place.
 G = Mean time per level.
                   A        B        C        D        E       F      G
               +--------+--------+--------+--------+--------+-----+--------+
         Total |  29633 |  28592 |   1041 |   1922 |  20198 |  29 | 1021.8 |
       Dungeon |  19276 |  18624 |    652 |   1646 |  13399 |  15 | 1285.1 |
        Temple |    299 |    264 |     35 |      0 |    258 |   1 |  299.0 |
          Lair |   6868 |   6554 |    314 |    243 |   4623 |   6 | 1144.7 |
        Shoals |    845 |    832 |     13 |      0 |    547 |   2 |  422.5 |
  Orcish Mines |   1262 |   1236 |     26 |      0 |    817 |   2 |  631.0 |
       Ossuary |    235 |    235 |      0 |      0 |    157 |   1 |  235.0 |
        Bailey |    318 |    318 |      0 |      0 |    167 |   1 |  318.0 |
      Ice Cave |    526 |    526 |      0 |     33 |    229 |   1 |  526.0 |
               +--------+--------+--------+--------+--------+-----+--------+

Top non-repeatable levels by time:
     D:4: 2587 daAuts
    D:12: 2176 daAuts
     D:6: 1709 daAuts
  Lair:6: 1674 daAuts
     D:9: 1602 daAuts
     D:3: 1590 daAuts
    D:11: 1404 daAuts
  Lair:4: 1343 daAuts
     D:5: 1107 daAuts
    D:14: 1091 daAuts
     D:1: 1080 daAuts
    D:13: 1042 daAuts
  Lair:5: 1021 daAuts
  Lair:1: 1010 daAuts
  Lair:2: 957 daAuts
